 Dungeon Crawl Stone Soup version 0.28-a0-1087-gf3fc490d9d (webtiles) character file.

Game seed: 11330389562215060051

0 spiderkeys the Ducker (level 1, -3/10 HPs)
             Began as a Felid Abyssal Knight on Dec 10, 2021.
             Was a Follower of Lugonu.
             Slain by a freezing wraith (7 damage)
             ... on level 2 of the Abyss.
             The game lasted 00:01:09 (180 turns).

spiderkeys the Ducker (Felid Abyssal Knight)         Turns: 180, Time: 00:01:09

Health: -3/10      AC:  3    Str:  9    XL:     1   Next: 0%
Magic:  3/3        EV: 17    Int: 11    God:    Lugonu [*.....]
Gold:   0          SH:  0    Dex: 14    Spells: 0/0 levels left
                                        Lives:  0   Deaths: 0

rFire   . . .      SeeInvis +     - Unarmed
rCold   . . .      Faith    .   (shield unavailable)
rNeg    . . .      Spirit   .   (armour unavailable)
rPois   .          Reflect  .   (helmet unavailable)
rElec   .          Harm     .   (cloak unavailable)
rCorr   .          Rampage  .   (gloves unavailable)
Will    .....                   (boots unavailable)
Stlth   +.........              (no amulet)
HPRegen 0.03/turn               (no ring)
MPRegen 0.08/turn               (no ring)

@: very slow
A: very small, claws 1, fangs 3, see invisible, speed 1, shaggy fur 1, stealthy
paws, no weapons or thrown items, no armour, multi-lived, iridescent scales 1,
clumsy 1
a: Renounce Religion, Depart the Abyss


You were on level 2 of the Abyss.
You worshipped Lugonu.
Lugonu was aware of your devotion.
You visited 0 branches of the dungeon, and saw 0 of its levels.
You visited the Abyss 1 time.


Innate Abilities, Weirdness & Mutations

You have sharp claws.
You have razor-sharp teeth.
You have supernaturally acute eyesight. (SInv)
You cover ground quickly. (Speed+)
You are covered in fur. (AC +1)
Your paws help you pounce on unaware monsters.
You are incapable of wielding weapons or throwing items.
You cannot wear armour.
You gain extra lives every three experience levels.
You are partially covered in iridescent scales. (AC +2)
You are clumsy. (Dex -2)


   Skills:
 + Level 3.0 Fighting
 + Level 3.2 Dodging
 + Level 2.0 Unarmed Combat
 + Level 1.7 Invocations


You couldn't memorise any spells.
You didn't know any spells.
Your spell library was empty.

Inventory:

Jewellery
 b - an amulet of magic regeneration
   (You found it on level 1 of the Abyss)
Scrolls
 a - a scroll of summoning {unknown}

Dungeon Overview and Level Annotations

Branches:
Dungeon (0/15)

Altars:

...XX ...§. ....
...§ ...###..D# ##
##.#≈≈≈#.## #.
≈≈≈#..≈≈≈≈...###. .
≈≈≈≈≈≈≈≈≈≈..♣≈≈≈≈≈.
≈≈≈≈≈≈≈≈≈≈♣≈≈≈≈♣≈≈≈
≈≈≈≈≈≈≈@W≈≈≈≈≈≈≈≈≈≈
.≈≈≈≈≈≈##≈≈.≈≈#≈≈≈≈
####≈≈≈ ##≈.≈≈≈≈≈≈≈
#.≈≈ #≈.≈≈≈≈≈≈ ##.#
##≈##≈≈≈≈. .. #...#
≈≈.. #.# #.#.##≈...
#. ##....#≈..#
#......#≈..


You could see a bone dragon, 2 starcursed masses and a freezing wraith.


Message History

🤖 Initializing magus.rc ... ✅ Successfully initialized magus.rc [v1.9.10] Welcome, spiderkeys the Felid Abyssal Knight.
Are you destined to find the splendid Orb of Zot, or to die trying?
Lugonu says: Depart the Abyss and spread corruption, my servant! (use the ability menu to exit the Abyss) Press ? for a list of commands and other information.
Found 13 stones and a scroll labelled NOKHOE ONUZEO.
Found a corrupted altar of Lugonu.
Found a gateway leading out of the Abyss.
a - a scroll labelled NOKHOE ONUZEO You see here a +0 dagger.
A tentacled starspawn comes into view.
A tentacle flies out from the starspawn's body!
A starspawn tentacle comes into view.
Unknown command.
You see here 10 gold pieces.
Tentacles burst from the starspawn's body! 2 starspawn tentacles come into view.
A tentacle flies out from the starspawn's body!
A starspawn tentacle comes into view.
Found a gateway leading out of the Abyss.
There is a gateway leading out of the Abyss here.
The neqoxec shouts!
The neqoxec gestures at you.
Strange energies course through your body.
You feel clumsy. The neqoxec gestures at you.
Strange energies course through your body.
Iridescent scales grow over part of your body.
Okay, then.
A small abomination comes into view.
A large abomination comes into view.
b - an amulet of magic regeneration
Found a gateway leading deeper into the Abyss.
You see here a scroll labelled AKAVUSO ZUCE.
As you read the scroll labelled AKAVUSO ZUCE, it crumbles to dust.
You feel strangely unstable.
You feel the power of the Abyss delaying your translocation!
It was a scroll of teleportation.
There is a gateway leading deeper into the Abyss here.
You plunge deeper into the Abyss.
Found a corrupted altar of Lugonu.
You are suddenly pulled into a different region of the Abyss!
A wretched star comes into view.
Found a gateway leading out of the Abyss.
Found a gateway leading out of the Abyss.
You enter the shallow water.
Moving in this stuff is going to be slow.
Why would you want to do that?
A small abomination comes into view.
You enter the shallow water.
Moving in this stuff is going to be slow.
Why would you want to do that?
You enter the shallow water.
Moving in this stuff is going to be slow.
You enter the shallow water.
Moving in this stuff is going to be slow.
A freezing wraith comes into view.
You enter the shallow water.
Moving in this stuff is going to be slow.
The freezing wraith closely misses you.
The freezing wraith completely misses you.
A starcursed mass comes into view.
The starcursed mass shrieks in your mind.
Ouch! That really hurt!
* * * LOW HITPOINT WARNING * * *
😨 HP[-6]
You take 6 damage, and now have 4/10 hp.
MASSIVE DAMAGE!! (PAUSE) Why would you want to do that?
A starcursed mass splits.
The freezing wraith hits you!
Ouch! That really hurt!
You die...

Action                   || total
-------------------------++-------
  Use: Scroll            ||     1
Dodge: Dodged            ||     2

Levels and vault maps discovered:
Abyss:2:  base: Temple, serial_sigils_hangedman_snap

Notes
Turn   | Place    | Note
-------+----------+-------------------------------------------
     0 | Abyss:1  | spiderkeys the Felid Abyssal Knight began the quest for the
                  | Orb.
     0 | Abyss:1  | Reached XP level 1. HP: 10/10 MP: 3/3
     0 | Abyss:1  | magus.rc [v1.9.10]
    15 | Abyss:1  | Noticed a tentacled starspawn
    50 | Abyss:1  | Noticed a neqoxec
    61 | Abyss:1  | Gained mutation: You are clumsy. (Dex -2) [a neqoxec]
    69 | Abyss:1  | Gained mutation: You are partially covered in iridescent
                  | scales. (AC +2) [a neqoxec]
    80 | Abyss:1  | Noticed a small abomination
    81 | Abyss:1  | Noticed a large abomination
   105 | Abyss:2  | Found a corrupted altar of Lugonu.
   131 | Abyss:2  | Noticed a wretched star
   162 | Abyss:2  | Noticed a small abomination
   175 | Abyss:2  | Noticed a freezing wraith
   179 | Abyss:2  | Noticed a starcursed mass
   179 | Abyss:2  | Noticed a bone dragon
   180 | Abyss:2  | Slain by a freezing wraith

Vanquished Creatures (others)
  6 starspawn tentacles (Abyss:1)
6 creatures vanquished.

Table legend:
 A = Non-vault XP
 B = Vault XP
 C = Vault XP percentage of total XP
 D = Non-vault monster count
 E = Vault monster count
 F = Vault count percentage of total count
                 A         B        C        D         E       F
            +---------+---------+-------+---------+---------+-------
      Total |       0 |       0 |   N/A |       0 |       0 |  -nan
            +---------+---------+-------+---------+---------+-------
            +---------+---------+-------+---------+---------+-------

Illustrated notes

Table legend: (Time is in decaauts)
 A = Elapsed time spent in this place.
 B = Non-inter-level travel time spent in this place.
 C = Inter-level travel time spent in this place.
 D = Time resting spent in this place.
 E = Time spent auto-exploring this place.
 F = Levels seen in this place.
 G = Mean time per level.
                   A        B        C        D        E       F      G
               +--------+--------+--------+--------+--------+-----+--------+
         Total |    150 |    150 |      0 |      0 |     14 |   2 |   75.0 |
         Abyss |    150 |    150 |      0 |      0 |     14 |   2 |   75.0 |
               +--------+--------+--------+--------+--------+-----+--------+

Top non-repeatable levels by time:
 Abyss:1: 82 daAuts
 Abyss:2: 68 daAuts
